 Dungeon Crawl Stone Soup version 0.18.1-48-g4cf74bf (webtiles) character file.

207 Gargoyl the Skirmisher (level 5, -1/42 HPs)
             Began as a Demonspawn Abyssal Knight on Sept 5, 2016.
             Was a Priest of Lugonu.
             Slain by a gnoll
             ... wielding a +0 whip
              (7 damage)
             ... on level 3 of the Dungeon.
             The game lasted 00:04:21 (2561 turns).

Gargoyl the Skirmisher (Demonspawn Abyssal Knight)  Turns: 2561, Time: 00:04:22

Health: -1/42      AC:  6    Str: 14    XL:     5   Next: 54%
Magic:  7/7        EV: 10    Int: 13    God:    Lugonu [***...]
Gold:   101        SH:  0    Dex: 12    Spells: 0 memorised, 4 levels left

rFire  . . .     SeeInvis .     a - +1 hand axe
rCold  . . .     Gourm    .     k - +0 scale mail
rNeg   . . .     Faith    .     (no shield)
rPois  .         Spirit   .     (no helmet)
rElec  .         Dismiss  .     (no cloak)
rCorr  .         Reflect  .     (no gloves)
SustAt .         Harm     .     (no boots)
MR     .....                    (no amulet)
Stlth  ..........               (no ring)
                                (no ring)

@: lethally poisoned (-1 -> -2), hasted, very quick, not resistant to hostile
enchantments, extremely unstealthy
A: hooves 1, powered by death 1, spiny 1
a: Depart the Abyss, Bend Space, Banish, Renounce Religion


You were on level 3 of the Dungeon.
You worshipped Lugonu.
Lugonu was most pleased with you.
You were not hungry.

You visited 1 branch of the dungeon, and saw 3 of its levels.
You visited the Abyss 1 time.

You collected 101 gold pieces.

Inventory:

Hand Weapons
 a - a +1 hand axe (weapon)
Armour
 k - a +0 scale mail (worn)
Jewellery
 m - an uncursed amulet of guardian spirit {unknown}
Scrolls
 b - 2 scrolls of remove curse
 d - 3 scrolls of identify {unknown}
 j - a scroll of teleportation {unknown}
 l - a scroll of magic mapping {unknown}
 n - a scroll of enchant weapon {unknown}
Potions
 e - a potion of invisibility {unknown}
 f - 3 potions of haste
 g - a potion of might {unknown}
 h - a potion of agility {unknown}
 i - a potion of magic {unknown}
 q - a potion of berserk rage {unknown}
Comestibles
 c - 2 bread rations
 o - a beef jerky


   Skills:
 + Level 4.0 Fighting
 + Level 2.4 Axes
 * Level 3.4 Armour
 + Level 2.2 Dodging
 + Level 0.4 Stealth
 + Level 2.9 Invocations


You had 4 spell levels left.
You didn't know any spells.

Dungeon Overview and Level Annotations

Branches:
Dungeon (3/15)

Altars:


Innate Abilities, Weirdness & Mutations

You have large cloven feet.
You regenerate a little health from kills.
You are partially covered in sharp spines.


Message History

The gnoll shaman invokes the aid of its god against you.
You resist with some effort. The gnoll shaman hits you with a whip.
* * * LOW HITPOINT WARNING * * *
The gnoll is struck by your spines.
You kill the gnoll!
Lugonu accepts your kill.
You can now banish your foes.
Drink which item? (? for menu, Esc to quit)
Okay, then.
Drink which item? (? for menu, Esc to quit)
Okay, then.
You feel sick.
You feel sick.
The gnoll shaman calls upon its god to speed up the gnoll.
The gnoll seems to speed up.
You feel sick.
You feel sick.
You feel sick.
Drink which item? (? for menu, Esc to quit)
You feel yourself speed up. The gnoll hits you with a whip!
You die...

# #.# # #.# # ############
#.######### # #..........#
##.........##### #
#..#.##..#.####...######......
#..#.##.........)....###.#####
#..#.##.##.##...†<##.........#
#.[#.<..##.##.##.)######.###.#
####.)###..##.##@##..######......
................gg...............
≈≈≈≈≈≈≈≈≈≈≈≈≈≈..g.≈≈≈≈≈≈≈≈≈≈≈≈≈≈≈
≈≈≈≈≈≈≈≈≈≈≈≈≈≈gggg≈≈≈≈≈≈≈≈≈≈≈≈≈≈≈
##≈≈≈≈≈≈≈≈≈≈≈≈.g.g≈≈≈≈≈≈≈≈≈≈≈≈###
g#)...........ggg.............#.g
.#############'ggg#############..
'# #.ggg# #g# .# .....'....'....
#


You could see a gnoll sergeant, 2 gnoll shamans and 15 gnolls.

Vanquished Creatures
  The ghost of Perturabo the Skirmisher, a weakling DsAK of Lugonu (D:3)
  5 gnolls (D:3)
  3 adders
  2 worms
  3 dart slugs
  An orc (D:2)
  6 bats
  3 giant cockroaches
  6 hobgoblins
  17 jackals
  A quokka (D:2)
  A ball python (D:2)
  3 giant newts
  8 goblins
  8 kobolds
  6 rats
74 creatures vanquished.

Notes
Turn   | Place    | Note
--------------------------------------------------------------
     0 | Abyss:1  | Gargoyl the Demonspawn Abyssal Knight began the quest for the Orb.
     0 | Abyss:1  | Reached XP level 1. HP: 18/18 MP: 2/2
    94 | Abyss:1  | Noticed a ynoxinul
    95 | D:1      | Escaped the Abyss
   343 | D:1      | Reached skill level 1 in Dodging
   343 | D:1      | Gained mutation: You are partially covered in sharp spines. [demonic ancestry]
   343 | D:1      | Reached XP level 2. HP: 24/24 MP: 3/3
   425 | D:1      | Reached * piety under Lugonu
   884 | D:2      | Reached XP level 3. HP: 27/29 MP: 4/4
  1214 | D:2      | Found a faded altar to an unknown god.
  2010 | D:3      | Gained mutation: You have large cloven feet. [demonic ancestry]
  2010 | D:3      | Reached XP level 4. HP: 37/37 MP: 6/6
  2068 | D:3      | Reached ** piety under Lugonu
  2441 | D:3      | Noticed Perturabo's ghost (weakling DsAK)
  2472 | D:3      | Killed Perturabo's ghost
  2472 | D:3      | Reached skill level 4 in Fighting
  2472 | D:3      | Gained mutation: You regenerate a little health from kills. [demonic ancestry]
  2472 | D:3      | Reached XP level 5. HP: 24/42 MP: 7/7
  2555 | D:3      | Reached *** piety under Lugonu
  2561 | D:3      | Slain by a gnoll

Skill      XL: |  1  2  3  4  5 |
---------------+----------------+-----
Axes           | 2 |  2.4
Dodging        | 1 2 |  2.2
Armour         | 2 3 |  3.4
Fighting       | 4 |  4.0
Stealth        | |  0.4
Invocations    | |  2.9

Action                   |  1- 3 |  4- 6 || total
-------------------------+-------+-------++-------
Melee: Hand axe          |    62 |    69 ||   131
       Kick              |       |    23 ||    23
Invok: Depart the Abyss  |     1 |       ||     1
  Use: Scroll            |     2 |       ||     2
       Potion            |       |     1 ||     1
  Eat: Chunk             |     3 |     2 ||     5
Armor: Ring mail         |    12 |       ||    12
       Scale mail        |     9 |    40 ||    49
Dodge: Dodged            |    28 |    56 ||    84
